 Dungeon Crawl Stone Soup version 0.31.0-11-ge490571c62 (webtiles) character file.

Game seed: 16906237181297117453

45558 SnakkuSnakku7 the Metamorph (level 14, 0/132 HPs)
             Began as a Merfolk Conjurer on Feb 1, 2024.
             Was a Believer of Ru.
             Slain by a molten gargoyle
             ... wielding a +0 flail
              (2 damage)
             ... while petrified by a catoblepas
             ... in a Gauntlet.
             The game lasted 00:24:54 (14201 turns).

SnakkuSnakku7 the Metamorph (Merfolk Conjurer)     Turns: 14201, Time: 00:24:55

Health: 0/132      AC: 13    Str: 18    XL:     14   Next: 33%
Magic:  17/17      EV:  1    Int: 17    God:    Ru [**....]
Gold:   1783       SH:  0    Dex: 12    Spells: 16/17 levels left

rFire   + .          .
                       - Unarmed
rCold   . . .        (shield currently unavailable)
rNeg    + + +        p - melded +2 chain mail "Neack" {rN++ Dex-2 Slay+2}
rPois   ∞            R - melded +3 hat of Pondering {ponderous, Will+ MP+10 Int+5}
rElec   .            E - melded +0 cloak
rCorr   .            S - melded +1 pair of gloves
SInv    .            T - melded +2 pair of boots
Will    ++...        C - amulet of regeneration
Stlth   ++           J - ring of protection from fire
HPRegen 1.22/turn    x - ring of willpower
MPRegen 0.15/turn

%: no teleportation
@: snake-form, petrified
A: constrict, boosted hp, large, inability to read after injury 2, no earth
magic, no alchemy magic, no translocations magic, (nimble swimmer 2), (mertail)
a: Begin Untransformation, Renounce Religion


You were in a Gauntlet.
You worshipped Ru.
Ru was pleased with you.
You were an enormous serpent.
You visited 3 branches of the dungeon, and saw 16 of its levels.
You also visited: Ossuary, Bailey and Gauntlet.

You collected 2554 gold pieces.
You spent 771 gold pieces at shops.

Inventory:

Armour
 p - the +2 chain mail "Neack" (melded) {rN++ Dex-2 Slay+2}
   (You found it on level 3 of the Dungeon)

   Dex-2:     It affects your dexterity (-2).
   Slay+2:    It affects your accuracy & damage with ranged weapons and melee
   (+2).
   rN++:      It greatly protects you from negative energy.
 E - a +0 cloak (melded)
 K - a +0 buckler
 R - the +3 hat of Pondering (melded) {ponderous, Will+ MP+10 Int+5}
   (You took it off Gastronok on level 1 of the Lair of Beasts)

   Int+5:     It affects your intelligence (+5).
   Will+:     It increases your willpower.
   MP+10:     It affects your magic capacity (+10).
 S - a +1 pair of gloves (melded)
 T - a +2 pair of boots (melded)
Jewellery
 i - an amulet of guardian spirit
 x - a ring of willpower (right hand)
 C - an amulet of regeneration (around neck)
 I - a ring of poison resistance
 J - a ring of protection from fire (left hand)
 N - the ring of Izugges {rCorr Dex+3}
   (You found it in a Gauntlet)

   [ring of resist corrosion]

   Dex+3:     It affects your dexterity (+3).
   rCorr:     It protects you from acid and corrosion.
 O - a ring of fire
Talismans
 D - a serpent talisman (active)
Wands
 a - a wand of iceblast (3)
 d - a wand of charming (6)
 j - a wand of acid (5)
 o - a wand of polymorph (4)
Scrolls
 e - a scroll of fear
 h - 3 scrolls of immolation
 k - 8 scrolls of teleportation
 l - 5 scrolls of fog
 u - 2 scrolls of poison
 w - a scroll of identify
 y - 2 scrolls of blinking
 B - a scroll of summoning
 F - a scroll of silence
 G - a scroll of vulnerability
 H - a scroll of amnesia {unknown}
 P - 5 scrolls of enchant armour
Potions
 b - a potion of magic
 c - a potion of heal wounds
 f - a potion of resistance
 g - a potion of berserk rage
 m - 3 potions of haste
 n - 3 potions of brilliance
 q - 2 potions of enlightenment
 r - a potion of mutation
 s - 10 potions of curing {unknown}
 t - 2 potions of cancellation
 v - a potion of ambrosia
 z - 4 potions of might
 A - 2 potions of lignification
 L - 2 potions of invisibility
 M - 2 potions of attraction


   Skills:
 - Level 10.0 Fighting
 - Level 15.0 Dodging
 - Level 2.1 Stealth
 - Level 15.0 Unarmed Combat
 - Level 2.0 Spellcasting
 - Level 3.2 Conjurations
 + Level 16.9 Shapeshifting


You had 16 spell levels left.
You knew the following spells:

 Your Spells              Type           Power      Damage    Failure   Level
a - Magic Dart            Conj           48%        1d5       4%          1

Your spell library contained the following spells:

 Spells                   Type           Power      Damage    Failure   Level
 Searing Ray              Conj           24%        2d5       8%          2
 Static Discharge         Conj/Air       14%        3-4/arc   16%         2
 Necrotise                Necr           4%         1d4       19%         1
 Summon Small Mammal      Summ           4%         N/A       19%         1
 Scorch                   Fire           2%         2d5       28%         2
 Dazzling Flash           Conj/Hex       14%        N/A       30%         3
 Summon Ice Beast         Ice/Summ       1%         N/A       50%         3
 Flame Wave               Conj/Fire      7%         2d5       69%         4
 Airstrike                Air            0%         2d(1-17)  88%         4
 Martyr's Knell           Necr/Summ      1%         N/A       88%         4
 Summon Lightning Spire   Summ/Air       1%         N/A       88%         4
 Curse of Agony           Necr           1%         N/A       99%         5
 Silence                  Hex/Air        0%         N/A       99%         5
 Summon Mana Viper        Hex/Summ       1%         N/A       99%         5
 Summon Cactus Giant      Summ           0%         N/A       100%        6
 Ignition                 Fire           0%         3d3       100%        8
 Sting                    Conj/Alch      Unusable   1d4       N/A         1
 Apportation              Tloc           Unusable   N/A       N/A         1
 Mephitic Cloud           Conj/Alch/Air  Unusable   N/A       N/A         3
 Passwall                 Erth           Unusable   N/A       N/A         3
 Fulminant Prism          Conj/Alch      Unusable   3d5       N/A         4
 Iskenderun's Mystic Bla  Conj/Tloc      Unusable   2d4       N/A         4
 Ignite Poison            Fire/Alch      Unusable   N/A       N/A         4
 Sticky Flame             Fire/Alch      Unusable   2d4       N/A         4

Dungeon Overview and Level Annotations

Branches:
Dungeon (10/15)            Temple (1/1) D:4            Lair (5/5) D:10
 Shoals (0/4) Lair:3       Spider (0/4) Lair:2        Slime (0/5) Lair:5
    Orc (0/2) D:9         Ossuary (visited)          Bailey (visited)
Gauntlet (1/1)

Altars:
Ashenzari
Cheibriados
Dithmenos
Elyvilon
Fedhas
Gozag
Hepliaklqana
Kikubaaqudgha
Makhleb
Nemelex Xobeh
Okawaru
Qazlal
Ru
Sif Muna
Trog
Uskayaw
Vehumet
Wu Jian
Xom
Yredelemnul
Zin
The Shining One

Shops:
D:6 (   D:8 (   D:9 ?

Annotations:
D:9 2 runed translucent doors
Temple 2 transporters
Lair:1 1 runed translucent door, rozman's ghost, journeyman MiMo
Lair:3 3 runed translucent doors, Sadonosm's ghost, journeyman DgSk Gauntlet 7 transporters


Innate Abilities, Weirdness & Mutations

You are an enormous serpent.
You have a powerful constriction melee attack.
Your maximum health is increased.
Your armour is entirely melded.
You are incapable of wielding weapons or throwing items.
You sometimes lose the ability to read scrolls when taking damage.
You cannot study or cast Earth magic.
You cannot study or cast Alchemy magic.
You cannot study or cast Translocations magic.
((You are very nimble when in or above water. (Stealth+, EV+, Speed+++)))
((Your lower body shifts to a powerful aquatic tail in water.))


Message History

You redirect the molten gargoyle's attack!
The molten gargoyle hits itself with a +0 flail!
Your limbs are stiffening.
You feel much better.
You can read scrolls again.
You constrict the catoblepas, but do no damage.
The molten gargoyle stops glowing.
The molten gargoyle blasts magma at you!
The bolt of magma hits you!! You partially resist.
The catoblepas gores you but does no damage.
The catoblepas barely misses you.
The molten gargoyle blasts magma at you!
The bolt of magma hits you!! You partially resist.
* * * LOW HITPOINT WARNING * * *
You have turned to stone.
You constrict the catoblepas. The catoblepas gores you.
* * * LOW HITPOINT WARNING * * *
The molten gargoyle hits you with a +0 flail.
* * * LOW HITPOINT WARNING * * *
You are engulfed in flames.
You resist.
* * * LOW HITPOINT WARNING * * *
You constrict the catoblepas!
The molten gargoyle blasts magma at you!
The bolt of magma hits you! You partially resist.
* * * LOW HITPOINT WARNING * * *
The catoblepas gores you!
* * * LOW HITPOINT WARNING * * *
You constrict the catoblepas.
The catoblepas gores you but does no damage.
The molten gargoyle hits you but does no damage.
You constrict the catoblepas!
You kill the catoblepas!
The molten gargoyle hits you but does no damage.
The gargoyle hurls a stone arrow at you.
The stone arrow hits you!
* * * LOW HITPOINT WARNING * * *
The molten gargoyle hits you with a +0 flail!
* * * LOW HITPOINT WARNING * * *
You are engulfed in flames.
You resist.
You die...

......≈∩≈............≈###
......................#8#
######...###########..###
©)55p#...#.....##©##..#
.#.#5#...#..###.##.#..###
#.#5p#...#.##..#.#.#..#8#
.#.#5#...#.#.#.#.#.#..###
©.#..#...#.#.#©#9#.#..#
.#.#.#...#.#.#)#S#.#..###
#.#.5 ..#}#.##9##.#..#8#
.#.#. ...#.##.###..#..###
..... ...#""##.....#..#
##### ..§###########..###
©.#.. .≈§...#.©.#.....#8#
..#.. ≈8≈...#...#.8...###
©.#.. .≈....#.©.#.....#
##### ...###########..###


You could see a molten gargoyle and a gargoyle.

Vanquished Creatures
  Gastronok (Lair:1)
  An orc warlord (Bailey)
  3 hydras
  3 two-headed ogres
  2 catoblepae
  3 death yaks
  Amaemon (D:9)
  2 oklob plants
  A lindwurm (Lair:5)
  13 elephants
  2 black mambas
  3 meliai (Gauntlet)
  An orange demon (D:9)
  12 cane toads
  A torpor snail (Lair:3)
  A molten gargoyle (Gauntlet)
  A gargoyle (Gauntlet)
  8 komodo dragons
  2 rime drakes
  Psyche (D:9)
  A troll (D:9)
  A queen bee (Gauntlet)
  A polar bear (Lair:1)
  23 blink frogs
  7 dream sheep
  A culicivora (Lair:2)
  A shadow (D:9)
  A slime creature (D:9)
  A wraith (D:9)
  50 yaks
  3 wyverns
  5 vampire mosquitoes
  A redback (Lair:2)
  A steam dragon (D:7)
  An acid dragon (D:10)
  10 water moccasins
  15 orc warriors
  2 sky beasts
  2 black bears
  An ogre (D:3)
  9 wolves
  2 centaurs (D:10)
  2 phantoms
  7 kobold brigands
  9 bullfrogs
  4 elf skeletons (D:4)
  9 scorpions
  A wight (D:9)
  6 killer bees
  5 howler monkeys
  3 human zombies (Ossuary)
  5 orc priests
  2 jellies (Lair:5)
  2 hounds
  A human skeleton (D:4)
  An iguana (D:5)
  6 scorpion zombies (Ossuary)
  5 orc wizards
  3 mummies (Ossuary)
  4 adders
  7 gnolls
  2 white imps
  2 adder zombies (Ossuary)
  11 dart slugs
  2 ribbon worms
  52 orcs
  7 endoplasms
  3 giant cockroaches
  14 goblins
  15 hobgoblins
  2 jackals (D:1)
  4 quokkas
  4 ball pythons
  3 ball python zombies (Ossuary)
  4 bats
  2 frilled lizards (D:1)
  A gnoll zombie (Ossuary)
  A jackal zombie (Ossuary)
  24 kobolds
  4 orc zombies
  7 rats
447 creatures vanquished.

Vanquished Creatures (others)
  A komodo dragon (Lair:2)
1 creature vanquished.

Grand Total: 448 creatures vanquished

Notes
Turn   | Place    | Note
-------+----------+-------------------------------------------
     0 | D:1      | SnakkuSnakku7 the Merfolk Conjurer began the quest for the
                  | Orb.
     0 | D:1      | Reached XP level 1. HP: 13/13 MP: 3/3
   181 | D:1      | Reached skill level 1 in Fighting
   181 | D:1      | Reached skill level 1 in Unarmed Combat
   194 | D:1      | Reached XP level 2. HP: 21/21 MP: 1/5
   385 | D:1      | Reached XP level 3. HP: 17/27 MP: 6/6
  1401 | D:2      | Reached XP level 4. HP: 23/34 MP: 1/7
  1538 | D:2      | Found a blossoming altar of Fedhas.
  2108 | D:3      | Noticed an ogre
  2221 | D:3      | Identified the +2 chain mail "Neack" {rN++ Dex-2 Slay+2}
  2399 | D:3      | Got the Cyclopedia of Rocky Support
  2464 | D:3      | Killed an ogre
  2465 | D:3      | Reached XP level 5. HP: 18/42 MP: 8/8
  2982 | D:4      | Found a blossoming altar of Fedhas.
  3033 | D:4      | Reached XP level 6. HP: 44/48 MP: 9/9
  3069 | D:4      | Reached skill level 5 in Unarmed Combat
  3088 | D:4      | Found a sand-covered staircase.
  3118 | D:4      | Reached XP level 7. HP: 54/54 MP: 10/10
  3128 | Ossuary  | Entered an ossuary
  3515 | Ossuary  | Reached XP level 8. HP: 60/60 MP: 11/11
  4139 | D:4      | Reached skill level 10 in Unarmed Combat
  4170 | D:4      | Found a staircase to the Ecumenical Temple.
  4187 | Temple   | Found a transporter.
  4187 | Temple   | Found a transporter.
  4187 | Temple   | Found a transporter.
  4187 | Temple   | Found a transporter.
  4187 | Temple   | Entered the Ecumenical Temple
  4429 | D:5      | Entered Level 5 of the Dungeon
  4844 | D:5      | Reached XP level 9. HP: 45/65 MP: 12/12
  5101 | D:6      | Found Bycast's Weapon Emporium.
  5151 | D:6      | Found a radiant altar of Vehumet.
  5169 | D:6      | Reached skill level 2 in Shapeshifting
  5244 | D:6      | Reached skill level 3 in Shapeshifting
  5580 | D:7      | Reached skill level 4 in Shapeshifting
  5814 | D:7      | Reached skill level 5 in Shapeshifting
  5845 | D:7      | Reached skill level 6 in Shapeshifting
  5893 | D:7      | Reached skill level 7 in Shapeshifting
  6080 | D:7      | Reached skill level 8 in Shapeshifting
  6195 | D:6      | Reached skill level 9 in Shapeshifting
  6204 | D:6      | Reached XP level 10. HP: 64/71 MP: 13/13
  6246 | D:7      | Reached skill level 10 in Shapeshifting
  6348 | D:8      | Reached skill level 11 in Shapeshifting
  6477 | D:8      | Reached skill level 12 in Shapeshifting
  6515 | D:8      | Identified the +4 scale mail "Hero's Friend" {rF- rC++
                  | Int+3}
  6539 | D:8      | Found Qumm's Antique Weapon Emporium.
  6602 | D:8      | Reached skill level 13 in Shapeshifting
  7101 | D:9      | Found a white marble altar of Elyvilon.
  7133 | D:9      | Found a staircase to the Orcish Mines.
  7160 | D:9      | Reached skill level 14 in Shapeshifting
  7204 | D:9      | Found a flagged portal.
  7218 | Bailey   | Entered a bailey
  7284 | Bailey   | Reached XP level 11. HP: 77/77 MP: 14/14
  7422 | Bailey   | Noticed an orc warlord
  7468 | Bailey   | Killed an orc warlord
  7469 | Bailey   | Reached skill level 15 in Shapeshifting
  7469 | Bailey   | Reached skill level 5 in Fighting
  7624 | Bailey   | Acquired 865 gold pieces
  7674 | D:9      | Noticed Psyche
  7684 | D:9      | Killed Psyche
  7783 | D:9      | Identified the +1 scale mail of the Unbroken {Rampage *Slow
                  | rN+}
  7947 | D:9      | Found Diugeixky's Magic Scroll Shop.
  7955 | D:9      | Bought a scroll of teleportation for 45 gold pieces
  7955 | D:9      | Bought a scroll of teleportation for 45 gold pieces
  7955 | D:9      | Bought a scroll of blinking for 112 gold pieces
  7955 | D:9      | Bought a scroll of teleportation for 45 gold pieces
  7955 | D:9      | Bought a scroll of teleportation for 45 gold pieces
  7955 | D:9      | Bought 2 scrolls of enchant armour for 225 gold pieces
  7955 | D:9      | Bought a scroll of revelation for 112 gold pieces
  7955 | D:9      | Bought a scroll of enchant armour for 112 gold pieces
  7955 | D:9      | Bought a scroll of identify for 30 gold pieces
  7956 | D:9      | Acquired 874 gold pieces
  8016 | D:9      | Noticed Amaemon
  8113 | D:9      | Killed Amaemon
  8206 | D:9      | Noticed a two-headed ogre
  8225 | D:9      | Killed a two-headed ogre
  8310 | D:9      | Found a runed translucent door.
  8310 | D:9      | Found a runed translucent door.
  8310 | D:9      | Noticed a skeletal warrior
  8825 | D:10     | Entered Level 10 of the Dungeon
  8849 | D:10     | Noticed a two-headed ogre
  8850 | D:10     | Found a sparkling altar of Nemelex Xobeh.
  8856 | D:10     | Killed a two-headed ogre
  8866 | D:10     | Reached skill level 10 in Fighting
  8870 | D:10     | Found a sacrificial altar of Ru.
  8873 | D:10     | Became a worshipper of Ru the Awakened
  8894 | D:10     | Noticed an oklob plant
  8896 | D:10     | Found a staircase to the Lair.
  9000 | D:10     | Reached XP level 12. HP: 97/97 MP: 15/15
  9214 | D:10     | Noticed a two-headed ogre
  9225 | D:10     | Killed a two-headed ogre
  9500 | Lair:1   | Entered Level 1 of the Lair of Beasts
  9724 | D:10     | Reached skill level 10 in Dodging
  9943 | Lair:1   | Found a runed translucent door.
  9944 | Lair:1   | Found a shimmering altar of Xom.
  9944 | Lair:1   | Noticed rozman's ghost (journeyman MiMo)
 10108 | Lair:1   | Gained mutation: You cannot study or cast Earth magic. [Ru
                  | sacrifice]
 10108 | Lair:1   | Gained mutation: You cannot study or cast Alchemy magic.
                  | [Ru sacrifice]
 10108 | Lair:1   | Gained mutation: You cannot study or cast Translocations
                  | magic. [Ru sacrifice]
 10108 | Lair:1   | Reached * piety under Ru
 10162 | Lair:1   | Noticed Gastronok
 10187 | Lair:1   | Killed Gastronok
 10354 | Lair:1   | Reached XP level 13. HP: 101/103 MP: 16/16
 10916 | Lair:2   | Reached skill level 15 in Dodging
 11103 | Lair:2   | Found a hole to the Spider Nest.
 11725 | Lair:3   | Found a runed translucent gate.
 11725 | Lair:3   | Found a runed translucent gate.
 11725 | Lair:3   | Found a runed translucent gate.
 11726 | Lair:3   | Noticed Sadonosm's ghost (journeyman DgSk)
 11986 | Lair:3   | Gained mutation: You occasionally lose the ability to read
                  | scrolls when taking damage. [Ru sacrifice]
 11986 | Lair:3   | Gained mutation: You sometimes lose the ability to read
                  | scrolls when taking damage. [Ru sacrifice]
 11986 | Lair:3   | Reached ** piety under Ru
 12045 | Lair:3   | Found a staircase to the Shoals.
 12787 | Lair:4   | Reached skill level 15 in Unarmed Combat
 12817 | Lair:4   | Reached XP level 14. HP: 36/110 MP: 17/17
 13499 | Lair:5   | Entered Level 5 of the Lair of Beasts
 13680 | Lair:5   | Reached skill level 16 in Shapeshifting
 13898 | Lair:5   | Found a gate leading to a gauntlet.
 13905 | Gauntlet | Entered a Gauntlet
 13905 | Gauntlet | Found a transporter.
 13905 | Gauntlet | Found a transporter.
 13906 | Gauntlet | Found a transporter.
 13929 | Gauntlet | Found a transporter.
 13939 | Gauntlet | Found a transporter.
 13943 | Gauntlet | Found a transporter.
 13956 | Gauntlet | Found a transporter.
 13980 | Gauntlet | Found a transporter.
 13994 | Gauntlet | Found a transporter.
 13998 | Gauntlet | Found a transporter.
 14012 | Gauntlet | Found a transporter.
 14016 | Gauntlet | Found a transporter.
 14166 | Gauntlet | Identified the ring of Izugges {rCorr Dex+3}
 14201 | Gauntlet | HP: 6/132 [gargoyle/stone arrow (7)]
 14201 | Gauntlet | HP: 2/132 [molten gargoyle/+0 flail (4)]
 14201 | Gauntlet | Slain by a molten gargoyle

Illustrated notes

Levels and vault maps discovered:
D:1:      dpeg_arrival_rhombus, layout_basic
D:2:      layout_loops_corners, basic_altar
D:3:      layout_basic
D:4:      layout_basic, nicolae_overflow_crystal_walls,
          minmay_temple_entry_arrows, nicolae_ossuary_entry_catacombs
D:5:      kennysheep_slugbush, layout_cave_pools
D:6:      layout_rooms, nicolae_vehumet_radiance, serial_shops, shop
D:7:      layout_rooms
D:8:      layout_cave_pools, serial_shops, nicolae_shop_pleasant_corner_grove,
          roderic_lattice_a, hangedman_abyss_or_decor_passed
D:9:      minmay_the_grid_triangle_9x9_rhombus_full
          [minmay_the_grid_triangle_9x9_empty,
          minmay_the_grid_triangle_9x9_tough_junction,
          minmay_the_grid_triangle_9x9_impossible_snake,
          minmay_the_grid_triangle_9x9_corruption,
          minmay_the_grid_triangle_9x9_alien,
          minmay_the_grid_triangle_9x9_subtriangle,
          minmay_the_grid_triangle_9x9_from_above,
          minmay_the_grid_triangle_9x9_prize_center], layout_long_grid,
          overflow_temple_1_default, serial_shops, shop, enter_bailey_7,
          uniq_psyche, uniq_amaemon
D:10:     layout_rooms, nicolae_overflow_squiral, dpeg_oklobed_lair,
          eino_small_chamber_without_monster, wad_rectangle_vault
Temple:   hellmonk_temple_divided_pantheon
Lair:1:   layout_loops_ring, ebering_ghost_xom, lemuel_fruit_fields,
          grunt_megastairs_3, uniq_gastronok
Lair:2:   layout_cave_pods, spider_nest_entry_funnel_web,
          infiniplex_staircase_pool_2, grunt_megastairs_4, lemuel_fruit_tree
Lair:3:   layout_roguey, shoals_dummy_entry, gammafunk_ghost_necromancy
Lair:4:   layout_loops_ring, chequers_serial_rivers_micro_e,
          serial_bayou_shore_a
Lair:5:   cheibrodos_lair_end_hotspot, layout_gridlike,
          nicolae_slime_entry_field_trip, gauntlet_entry_generic,
          lemuel_old_faithful, infiniplex_staircase_pool
Gauntlet: gammafunk_gauntlet_hard_choice [gammafunk_gauntlet_arena_teeth,
          gammafunk_gauntlet_arena_mazey, nicolae_gauntlet_arena_flowing_pool,
          nicolae_gauntlet_arena_grate_2, gammafunk_gauntlet_arena_grid,
          gammafunk_gauntlet_arena_spirals, gauntlet_exit_watery]

Skill      XL: |  1  2  3  4  5  6  7  8  9 10 11 12 13 14 |
---------------+-------------------------------------------+-----
Fighting       | 1 2 3 4 10 | 10.0
Unarmed Combat | 1 2 3 4 6 8 11 15 | 15.0
Shapeshifting  | 9 14 15 16 | 16.9
Dodging        | 4 13 15 | 15.0
Stealth        | |  2.1
Spellcasting   | |  2.0
Conjurations   | |  3.2

Action                     |  1- 3 |  4- 6 |  7- 9 | 10-12 | 13-15 || total
---------------------------+-------+-------+-------+-------+-------++-------
  Melee: Unarmed           |   113 |   186 |   432 |   585 |   411 ||  1727
         Punch             |       |     5 |    34 |       |       ||    39
         Tailslap          |       |       |     2 |       |       ||     2
         Constrict         |       |       |       |   123 |    77 ||   200
  Throw: Dart              |       |     1 |       |       |       ||     1
   Cast: Magic Dart        |    38 |     8 |       |       |       ||    46
 Invoke: Sacrifice Arcana  |       |       |       |     1 |       ||     1
         Sacrifice Words   |       |       |       |       |     1 ||     1
Ability: Begin Untransform |       |       |       |     1 |       ||     1
  Evoke: Wand              |       |       |       |     3 |     1 ||     4
    Use: Scroll            |       |     3 |     7 |    10 |     7 ||    27
         Potion            |       |     1 |       |     2 |     3 ||     6
   Stab: Sleeping          |     2 |     2 |       |     4 |     2 ||    10
         Invisible         |       |       |       |     2 |     1 ||     3
         Distracted        |       |       |       |       |     2 ||     2
 Armour: Robe              |    44 |    32 |       |       |       ||    76
         Chain mail        |       |    77 |   325 |       |       ||   402
         Skin              |       |       |       |   398 |   370 ||   768
  Dodge: Dodged            |    67 |    77 |   108 |   212 |   335 ||   799
  Block: Other             |     6 |    41 |    32 |       |       ||    79
         Reflection        |       |       |     1 |       |       ||     1
   Form: Serpent           |       |       |       |     2 |       ||     2
